 Dungeon Crawl Stone Soup version 0.30.0-29-ga12c61a403 (webtiles) character file.

Game seed: 10741827037041373554

89 qw the Chopper (level 4, 0/28 HPs)
             Began as a Gargoyle Fighter on June 3, 2023.
             Slain by a black bear (3 damage)
             ... on level 4 of the Dungeon.
             The game lasted 00:01:01 (2177 turns).

qw the Chopper (Gargoyle Fighter)                   Turns: 2177, Time: 00:01:01

Health: 0/28       AC: 13    Str: 21    XL:     4   Next: 55%
Magic:  4/4        EV: 14    Int:  9    God:
Gold:   224        SH:  5    Dex: 15    Spells: 3/3 levels left

rFire   . . .        Y - +0 war axe
rCold   . . .        c - +0 buckler
rNeg    + . .        b - +0 scale mail
rPois   inf          (no helmet)
rElec   +            (no cloak)
rCorr   .            g - +2 pair of gloves
SInv    .            (no boots)
Will    .....        (no amulet) Stlth
                     k - +6 ring of dexterity
HPRegen 0.24/turn    i - +5 ring of evasion
MPRegen 0.09/turn

%: no passive effects
@: about to teleport
A: sickness immunity, AC +3, negative energy resistance 1, electricity
resistance, torment resistance 1, petrification resistance
a: no special abilities


You were on level 4 of the Dungeon.
You visited 1 branch of the dungeon, and saw 4 of its levels.

You collected 224 gold pieces.


Innate Abilities, Weirdness & Mutations

You are immune to sickness and miasma.
Your stone body is resilient. (AC +3)
You are immune to poison.
You resist negative energy. (rN+)
You are resistant to electric shocks. (rElec)
You are resistant to unholy torment.
You are immune to petrification.


   Skills:
 - Level 3.2 Fighting
 + Level 4.0 Axes
 - Level 3.2 Armour
 - Level 1.0 Dodging
 - Level 3.2 Shields


You had 3 spell levels left.
You didn't know any spells.
Your spell library was empty.

Inventory:

Hand Weapons
 m - a +0 flail
 Y - a +0 war axe (weapon)
Armour
 b - a +0 scale mail (worn)
 c - a +0 buckler (worn)
 g - a +2 pair of gloves (worn)
Jewellery
 i - a +5 ring of evasion (right hand)
 k - a +6 ring of dexterity (left hand)
Scrolls
 h - a scroll of identify
Potions
 d - 3 potions of might
 e - a potion of mutation
 f - a potion of brilliance {unknown}
 j - a potion of cancellation {unknown}
 l - a potion of resistance {unknown}

Dungeon Overview and Level Annotations

Branches:
Dungeon (4/15)
 Temple: D:4-7

Altars:
Uskayaw


Message History

The black bear misses you.
The black bear claws you but does no damage.
The black bear claws you.
You barely miss the black bear.
The black bear is moderately wounded.
The black bear closely misses you. x3
You slash the black bear!
The black bear is severely wounded.
You barely miss the worm.
The black bear goes berserk!
You barely miss the black bear.
The black bear is severely wounded.
You completely miss the worm. The black bear bites you.
The black bear barely misses you. You block the black bear's attack.
The worm bites you but does no damage.
You block the black bear's attack. x2; The black bear claws you.
You hit the black bear.
The black bear is severely wounded.
You barely miss the worm. You block the black bear's attack.
The black bear claws you. The black bear barely misses you.
The black bear completely misses you. The black bear closely misses you.
The black bear completely misses you. The worm closely misses you.
You hit the black bear but do no damage.
The black bear is severely wounded.
You hit the worm.
The black bear bites you but does no damage.
The black bear claws you. The black bear closely misses you.
The black bear completely misses you. You block the black bear's attack.
The black bear closely misses you. The worm closely misses you.
2176 ||| READING scroll of teleportation.
As you read the scroll of teleportation, it crumbles to dust.
You feel strangely unstable. The black bear bites you.
The black bear claws you but does no damage. x2
You hit the black bear.
The black bear is severely wounded.
You slash the worm! The black bear bites you.
You die...

....... .......
....w.. .J.....
....... .....).
#.#######.......
#.....@h....##
#.###..w.....#
#.##.........#
#(....###....#
#####.# #....#
#.# #....# #.#
#....#
#######.###....#
...........)..##


You could see a black bear (berserk) and a worm.

Vanquished Creatures
  3 adders
  2 worms (D:2)
  3 dart slugs
  2 orcs (D:3)
  5 bats
  3 endoplasms
  A giant cockroach (D:2)
  2 goblins
  8 hobgoblins
  A jackal (D:2)
  2 kobolds
  3 quokkas
  4 ball pythons
  A frilled lizard (D:1)
  7 rats
47 creatures vanquished.

Notes
Turn   | Place    | Note
-------+----------+-------------------------------------------
     0 | D:1      | qw the Gargoyle Fighter began the quest for the Orb.
     0 | D:1      | Reached XP level 1. HP: 14/14 MP: 1/1
     0 | D:1      | 0 ||| qw: Version: 0.2-a-103-g3a7daa1
     0 | D:1      | 0 ||| qw: Game counter: 960
     0 | D:1      | 0 ||| qw: Always use a shield: true
     0 | D:1      | 0 ||| qw: God list: Okawaru
     0 | D:1      | 0 ||| qw: Allow faded altars: false
     0 | D:1      | 0 ||| qw: Do Orc after D:15 true
     0 | D:1      | 0 ||| qw: Do second Lair branch before Depths: true
     0 | D:1      | 0 ||| qw: Lair rune preference: random
     0 | D:1      | 0 ||| qw: Plans: Normal, Zot:1-4, Slime:5, God:TSO, Crypt,
                  | Tomb, Pan, Hells, Abyss, Win
     0 | D:1      | 0 ||| PLANNING D:1-11
   183 | D:1      | Reached skill level 2 in Axes
   184 | D:1      | 184 ||| Stepping ~*~*~tactically~*~*~ (hiding).
   238 | D:1      | Reached XP level 2. HP: 19/19 MP: 2/2
   755 | D:1      | 755 ||| UPGRADING to +2 pair of gloves.
   760 | D:1      | 760 ||| UPGRADING to +6 ring of dexterity.
   761 | D:1      | 761 ||| READING 2 scrolls labelled JEBUTA PUDO.
   766 | D:1      | 766 ||| READING scroll labelled POURACOEMP.
   767 | D:1      | 767 ||| READING scroll labelled GOIHUZ XORO.
   768 | D:1      | 768 ||| READING scroll labelled KAYPPI XOAN.
   799 | D:2      | Reached skill level 3 in Axes
   842 | D:2      | Reached XP level 3. HP: 22/23 MP: 3/3
   930 | D:2      | Reached skill level 1 in Dodging
   989 | D:2      | 989 ||| Stepping ~*~*~tactically~*~*~ (hiding).
  1058 | D:2      | 1058 ||| Stepping ~*~*~tactically~*~*~ (stealth).
  1062 | D:2      | Reached XP level 4. HP: 28/28 MP: 4/4
  1404 | D:2      | Found a faded altar of an unknown god.
  1485 | D:2      | 1485 ||| UPGRADING to +5 ring of evasion.
  1627 | D:3      | 1627 ||| DROPPING +0 mace.
  2078 | D:3      | Found a hide-covered altar of Uskayaw.
  2084 | D:3      | 2084 ||| READING scroll labelled HELUDI GIMU.
  2085 | D:3      | 2085 ||| READING scroll labelled YCWEMOMM DYCOA.
  2086 | D:3      | 2086 ||| READING 3 scrolls of identify.
  2086 | D:3      | 2086 ||| IDENTIFYING purple potion
  2087 | D:3      | 2087 ||| READING 2 scrolls of identify.
  2087 | D:3      | 2087 ||| IDENTIFYING viscous cyan potion
  2088 | D:3      | 2088 ||| DROPPING potion of invisibility.
  2136 | D:4      | 2136 ||| PLANNING OSSUARY
  2143 | D:4      | Reached skill level 4 in Axes
  2159 | D:4      | Noticed a black bear
  2164 | D:4      | 2164 ||| Stepping ~*~*~tactically~*~*~ (stealth).
  2165 | D:4      | 2165 ||| Stepping ~*~*~tactically~*~*~ (stealth).
  2175 | D:4      | HP: 7/28 [black bear (1)]
  2176 | D:4      | 2176 ||| READING scroll of teleportation.
  2176 | D:4      | HP: 3/28 [black bear (5)]
  2177 | D:4      | Slain by a black bear

Levels and vault maps discovered:
D:1:      minmay_arrival_arboretum_small, layout_basic
D:2:      layout_loops_ring, shapermc_ecumenical_altar_hornbeckon, st_stairs_2,
          skrybe_limestone_x
D:3:      layout_basic, mainiacjoe_overflow_alcove_1
D:4:      layout_basic, nicolae_ossuary_entry_ruins,
          chequers_serial_rivers_large_b, uniq_sigmund, uniq_pikel

Skill      XL: |  1  2  3  4 |
---------------+-------------+-----
Axes           | 2 3 4 |  4.0
Dodging        | 1 |  1.0
Fighting       | |  3.2
Armour         | |  3.2
Shields        | |  3.2

Action                     |  1- 3 |  4- 6 || total
---------------------------+-------+-------++-------
  Melee: War axe           |    81 |    47 ||   128
    Use: Scroll            |     4 |     5 ||     9
 Armour: Scale mail        |    36 |    14 ||    50
  Dodge: Dodged            |    29 |    35 ||    64
  Block: Buckler           |    17 |    19 ||    36

Table legend:
 A = Non-vault XP
 B = Vault XP
 C = Vault XP percentage of total XP
 D = Non-vault monster count
 E = Vault monster count
 F = Vault count percentage of total count
                 A         B        C        D         E       F
            +---------+---------+-------+---------+---------+-------
      Total |     123 |       5 |   3.9 |      44 |       3 |   6.4
            +---------+---------+-------+---------+---------+-------
        D:1 |      29 |       0 |   0.0 |      17 |       0 |   0.0
        D:2 |      60 |       5 |   7.7 |      15 |       3 |  16.7
        D:3 |      32 |       0 |   0.0 |      11 |       0 |   0.0
        D:4 |       2 |       0 |   0.0 |       1 |       0 |   0.0
            +---------+---------+-------+---------+---------+-------
